 Dungeon Crawl Stone Soup version 0.28-a0-828-g0121872642 (webtiles) character file.

Game seed: 13621260908911349665

2253 cheechan the Archer (level 9, -4/82 HPs)
             Began as a Naga Hunter on Nov 10, 2021.
             Was an Initiate of Okawaru.
             Slain by an orc warrior (15 damage)
             ... on level 6 of the Dungeon.
             The game lasted 00:31:49 (6170 turns).

cheechan the Archer (Naga Hunter)                   Turns: 6170, Time: 00:31:50

Health: -4/82      AC:  6    Str: 16    XL:     9   Next: 37%
Magic:  9/9        EV: 10    Int: 12    God:    Okawaru [......]
Gold:   227        SH:  5    Dex: 13    Spells: 8/8 levels left

rFire   + + .      SeeInvis +   w - +7 mace "Xusim" {vorpal, rF+ rN+}
rCold   . . .      Faith    .   (no shield)
rNeg    + . .      Spirit   .   k - +1 robe {Will+}
rPois   +          Reflect  +   t - +0 helmet
rElec   .          Harm     .   (no cloak)
rCorr   .          Rampage  .   (no gloves)
Will    ++...                   (no barding)
Stlth   ++........              q - amulet of reflection
HPRegen 0.23/turn               e - ring of protection from fire
MPRegen 0.11/turn               (no ring)

@: short of breath, very slow
A: AC +3, large, see invisible, deformed body, poison resistance, slowness 2,
spit poison 1, naga tail 1
a: Spit Poison, Renounce Religion


You were on level 6 of the Dungeon.
You worshipped Okawaru.
Okawaru was noncommittal.
You visited 2 branches of the dungeon, and saw 7 of its levels.

You collected 227 gold pieces.

Inventory:

Hand Weapons
 a - a +2 shortbow
 v - a +2 whip of flaming
 w - the +7 mace "Xusim" (weapon) {vorpal, rF+ rN+}
   (You found it on level 5 of the Dungeon)

   It inflicts extra damage upon your enemies.
   rF:        It protects you from fire.
   rN:        It protects you from negative energy.
Missiles
 d - 4 arrows
 g - 31 bolts
 l - 3 javelins
 n - 50 sling bullets
Armour
 c - a +1 leather armour
 k - a +1 robe of willpower (worn)
 t - a +0 helmet (worn)
Jewellery
 e - a ring of protection from fire (left hand)
 q - an amulet of reflection (around neck)
 s - an amulet of magic regeneration
Wands
 o - a wand of flame (43)
 p - a wand of iceblast (12)
Scrolls
 f - a scroll of enchant weapon
Potions
 b - 2 potions of curing {unknown}
 h - a potion of cancellation
 i - a potion of resistance {unknown}
 m - 2 potions of attraction {unknown}
 r - a potion of flight {unknown}


   Skills:
 + Level 6.0 Fighting
 + Level 3.2 Maces & Flails
 + Level 8.4 Bows
 + Level 1.0 Throwing
 + Level 2.0 Armour
 + Level 3.2 Dodging
 + Level 3.8 Stealth
 + Level 2.0 Shields
 + Level 0.1 Evocations


You had 8 spell levels left.
You didn't know any spells.
Your spell library was empty.

Dungeon Overview and Level Annotations

Branches:
Dungeon (6/15)             Temple (1/1) D:6

Altars:
Ashenzari
Cheibriados
Dithmenos
Elyvilon
Fedhas
Gozag
Hepliaklqana
Kikubaaqudgha
Makhleb
Okawaru
Qazlal
Ru
Sif Muna
Trog
Uskayaw
Vehumet
Xom
Yredelemnul
Zin
The Shining One

Shops:
D:2 =


Innate Abilities, Weirdness & Mutations

Your serpentine skin is tough. (AC +3)
You have supernaturally acute eyesight. (SInv)
Armour fits poorly on your strangely shaped body.
Your system is resistant to poisons. (rPois)
You cover ground very slowly.
You can spit poison.
You have a snake-like lower body.


Message History

You have got your breath back.
The orc hits you with a +0 hand axe.
* * * LOW HITPOINT WARNING * * *
You thump the orc!
You kill the orc!
Okawaru accepts your kill.
The white imp hits you but does no damage.
You closely miss the white imp.
The white imp hits you but does no damage.
The orc shouts!
You hit the white imp.
The white imp is severely wounded.
The white imp hits you but does no damage.
You sock the white imp!
You kill the white imp!
Okawaru accepts your kill.
Okay, then.
Things that are here:
a +0 falchion; a +0 robe; an orc corpse Abil: Spit Poison
Press: ? - help, Q - select action, (/) - cycle Shift-Dir - straight line, f - orc warrior
Aim: an orc warrior, wielding a +0 flail and wearing a +0 plate armour The splash of poison hits the orc warrior.
The orc warrior is poisoned.
The orc warrior is moderately wounded.
The orc warrior hits you with a +0 flail!
* * * LOW HITPOINT WARNING * * *
Okay, then.
You barely miss the orc warrior.
The orc warrior is moderately wounded.
You block the orc warrior's attack.
You closely miss the orc warrior.
The orc warrior is moderately wounded.
You block the orc warrior's attack.
You hit the orc warrior.
The orc warrior is heavily wounded.
The orc hits you with a +0 hand axe.
* * * LOW HITPOINT WARNING * * *
The orc warrior hits you with a +0 flail!
You die...

####### ###
##...).##....
##.............
#...)@.........
#...oo.........
#...)..........
#..............
#..............
................
##..........>...
..........##....
...#.#.#### ###


You could see an orc warrior (poisoned) and an orc.

Vanquished Creatures
  Pikel (D:5)
  The ghost of Encipher the Skirmisher, a novice FoFi of Gozag (D:5)
  Sigmund (D:2)
  Eustachio (D:6)
  A black bear (D:6)
  2 ogres
  2 phantoms (D:5)
  2 bullfrogs
  A scorpion (D:6)
  A jelly (D:6)
  2 hounds (D:5)
  A bullfrog skeleton (D:5)
  A centaur skeleton (D:6)
  Jessica (D:2)
  An iguana (D:5)
  Natasha (thrice) (D:2)
  3 orc wizards
  4 gnolls (D:2)
  8 adders
  A howler monkey skeleton (D:4)
  4 white imps (D:6)
  An ufetubus (D:4)
  An adder skeleton (D:5)
  4 worms
  A dart slug (D:4)
  10 orcs
  3 bats
  7 endoplasms
  2 giant cockroaches (D:3)
  3 hobgoblins
  7 jackals
  2 kobolds
  3 quokkas
  7 ball pythons
  A frilled lizard (D:1)
  6 goblins
  5 rats
105 creatures vanquished.

Vanquished Creatures (others)
  2 fungi (D:6)
  A plant (D:5)
3 creatures vanquished.

Grand Total: 108 creatures vanquished

Notes
Turn   | Place    | Note
-------+----------+-------------------------------------------
     0 | D:1      | cheechan the Naga Hunter began the quest for the Orb.
     0 | D:1      | Reached XP level 1. HP: 19/19 MP: 1/1
   285 | D:1      | Reached XP level 2. HP: 26/26 MP: 2/2
   450 | D:1      | Found a faded altar of an unknown god.
   453 | D:1      | Reached skill level 4 in Bows
   695 | D:2      | Noticed Jessica
   697 | D:2      | Killed Jessica
   698 | D:2      | Reached XP level 3. HP: 32/32 MP: 3/3
   715 | D:2      | Found a radiant altar of Vehumet.
   756 | D:2      | Found Zuplyvva's Jewellery Shop.
   902 | D:2      | Reached XP level 4. HP: 36/39 MP: 4/4
  1010 | D:2      | Noticed Sigmund
  1022 | D:2      | Killed Sigmund
  1023 | D:2      | Reached skill level 5 in Bows
  1023 | D:2      | Reached skill level 1 in Armour
  1023 | D:2      | Reached XP level 5. HP: 10/48 MP: 5/5
  1023 | D:2      | Reached XP level 6. HP: 12/55 MP: 6/6
  1440 | D:2      | Noticed Natasha
  1444 | D:2      | Killed Natasha
  1510 | D:2      | Noticed Natasha
  1520 | D:2      | Killed Natasha
  1676 | D:2      | Noticed Natasha
  1689 | D:2      | Killed Natasha
  2352 | D:3      | Reached skill level 6 in Bows
  2374 | D:3      | Found a shadowy altar of Dithmenos.
  2376 | D:3      | Found a basalt altar of Yredelemnul.
  2376 | D:3      | Found a shimmering altar of Xom.
  2377 | D:3      | Found a hazy altar of Hepliaklqana.
  2381 | D:3      | Found a bloodstained altar of Trog.
  2381 | D:3      | Found a broken altar of Ashenzari.
  3150 | D:4      | Found a burning altar of Makhleb.
  3173 | D:4      | Found a shimmering blue altar of Sif Muna.
  3460 | D:4      | Reached XP level 7. HP: 62/62 MP: 7/7
  3601 | D:5      | Entered Level 5 of the Dungeon
  3670 | D:5      | Found a runed translucent door.
  3673 | D:5      | Noticed Encipher's ghost (novice FoFi)
  3962 | D:5      | Reached skill level 7 in Bows
  4078 | D:5      | Found a blossoming altar of Fedhas.
  4117 | D:5      | Noticed Pikel
  4144 | D:5      | Killed Pikel
  4145 | D:5      | Reached skill level 1 in Shields
  4145 | D:5      | Reached XP level 8. HP: 27/73 MP: 8/8
  4206 | D:5      | Identified the +7 mace "Xusim" {vorpal, rF+ rN+}
  4628 | D:5      | Reached skill level 8 in Bows
  4635 | D:5      | HP: 2/73 [Encipher's ghost (9)]
  5006 | D:5      | Killed Encipher's ghost
  5007 | D:5      | Reached skill level 5 in Fighting
  5007 | D:5      | Reached skill level 1 in Maces & Flails
  5007 | D:5      | Reached XP level 9. HP: 20/81 MP: 9/9
  5427 | D:6      | Noticed Eustachio
  5474 | D:6      | Killed Eustachio
  5475 | D:6      | Reached skill level 1 in Throwing
  5603 | D:6      | Found a staircase to the Ecumenical Temple.
  5926 | Temple   | Entered the Ecumenical Temple
  6003 | Temple   | Became a worshipper of Warmaster Okawaru
  6170 | D:6      | Slain by an orc warrior

Illustrated notes

Levels and vault maps discovered:
D:1:      minmay_arrival_checkered_box, layout_basic,
          hellmonk_ecumenical_altar_slurped_away, hex_medium, minmay_cupped
D:2:      layout_basic, serial_shops, shop_fountains, basic_altar,
          minmay_misc_feat_four_crosses, uniq_jessica, uniq_sigmund,
          uniq_natasha
D:3:      layout_loops_ring, grunt_temple_overflow_open
D:4:      layout_rooms, kennysheep_little_box, overflow_temple_1_default
D:5:      layout_basic, fedhas_altar_3, ebering_ghost_sewer_d,
          minmay_strange_pillars, uniq_pikel
D:6:      kennysheep_steamy, layout_rooms, minmay_temple_entry_overgrown,
          uniq_eustachio
Temple:   jpeg_temple_alley_garden

Skill      XL: |  1  2  3  4  5  6  7  8  9 |
---------------+----------------------------+-----
Stealth        | 2 3 |  3.8
Bows           | 4 5 6 7 8 |  8.4
Armour         | 1 2 |  2.0
Fighting       | 3 4 5 6 |  6.0
Dodging        | 2 3 |  3.2
Shields        | 1 2 |  2.0
Maces & Flails | 1 3 |  3.2
Throwing       | 1 |  1.0
Evocations     | |  0.1

Action                   |  1- 3 |  4- 6 |  7- 9 || total
-------------------------+-------+-------+-------++-------
Melee: Dagger            |       |       |    23 ||    23
       Mace              |       |       |    73 ||    73
 Fire: Shortbow          |    32 |   122 |    78 ||   232
Throw: Javelin           |       |       |     7 ||     7
       Throwing net      |       |       |     3 ||     3
 Abil: Spit Poison       |    10 |    34 |    26 ||    70
Evoke: Wand              |       |       |     1 ||     1
  Use: Scroll            |     5 |     2 |     4 ||    11
Armor: Leather armour    |     7 |       |       ||     7
       Robe              |       |    29 |    46 ||    75
Dodge: Dodged            |     9 |    51 |    75 ||   135
Block: Other             |       |     2 |    50 ||    52

Table legend: (Time is in decaauts)
 A = Elapsed time spent in this place.
 B = Non-inter-level travel time spent in this place.
 C = Inter-level travel time spent in this place.
 D = Time resting spent in this place.
 E = Time spent auto-exploring this place.
 F = Levels seen in this place.
 G = Mean time per level.
                   A        B        C        D        E       F      G
               +--------+--------+--------+--------+--------+-----+--------+
         Total |   7958 |   7958 |      0 |   1063 |      0 |   7 | 1136.9 |
       Dungeon |   7812 |   7812 |      0 |   1063 |      0 |   6 | 1302.0 |
        Temple |    146 |    146 |      0 |      0 |      0 |   1 |  146.0 |
               +--------+--------+--------+--------+--------+-----+--------+

Top non-repeatable levels by time:
     D:5: 2242 daAuts
     D:2: 1822 daAuts
     D:3: 1078 daAuts
     D:4: 957 daAuts
     D:1: 946 daAuts
     D:6: 765 daAuts
  Temple: 146 daAuts
